[ AOE2 MATCH · #494132178 ]
UnrankedHindustanis vs Bengalis
Player's team · LOSS
Rival team · WIN
[ REPLAY ANALYSIS · EXTRACTED FROM THE RECORDED GAME ]
Feudal
8:00
Castle
—
Imperial
—
| APM avg | 45.8 |
| APM peak | 71 |
| eAPM avg | 21.6 |
| Villagers / military | 43 / 24 |
Focus
⚔️ 43.1% · 🌾 56.9%
Skirmisher ×11 · Scout Cavalry ×11 · Spearman ×2
Feudal
10:31
Castle
15:28
Imperial
—
| APM avg | 83.2 |
| APM peak | 119 |
| eAPM avg | 27.2 |
| Villagers / military | 50 / 21 |
Focus
⚔️ 21.7% · 🌾 78.3%
Ratha (Ranged) ×18 · Mangonel ×3
Match map
Initial resources + every placement click. Lines = walls · curves = elevation contours. ◆ gold · ⬟ stone · ● berries · ✦ relic · ◌ wall gap
Your base· ✓ Closed at 22:49 · 49t walls · no gate
jsemosoom's base· Open — unwalled flank
Smoothed initial terrain · ◌ = detected wall gap · hover for details
Inputs per minute
— Y - - jsemosoom
Build order — Y
140 actions detected in the replay
| 0:00 | Create | Villager (Male) |
| 0:00 | Create | Villager (Male) |
| 0:01 | Create | Villager (Male) |
| 0:02 | Build | House |
| 0:03 | Build | House |
| 0:10 | Create | Villager (Male) |
| 1:11 | Create | Villager (Male) |
| 1:35 | Create | Villager (Male) |
| 2:04 | Build | Lumber Camp |
| 2:13 | Create | Villager (Male) |
| 2:34 | Create | Villager (Male) |
| 3:02 | Create | Villager (Male) |
| 3:32 | Build | House |
| 3:34 | Create | Villager (Male) |
| 4:01 | Create | Villager (Male) |
| 4:14 | Create | Villager (Male) |
| 4:28 | Build | Mill |
| 4:54 | Create | Villager (Male) |
| 4:57 | Create | Villager (Male) |
| 5:50 | Research | Feudal Age |
| 5:50 | Research | Feudal Age |
| 7:00 | Build | Barracks |
| 7:17 | Build | House |
| 7:21 | Create | Villager (Male) |
| 8:00 | Age | Feudal Age |
| 8:05 | Build | Stable |
| 8:11 | Research | Double-Bit Axe |
| 8:15 | Research | Loom |
| 8:25 | Build | House |
| 8:44 | Create | Villager (Male) |
| 8:59 | Create | Spearman |
| 9:00 | Create | Scout Cavalry |
| 9:01 | Create | Villager (Male) |
| 9:15 | Create | Villager (Male) |
| 9:24 | Build | Mining Camp |
| 9:26 | Create | Scout Cavalry |
| 9:39 | Build | Watch Tower |
| 9:46 | Create | Villager (Male) |
| 10:17 | Create | Villager (Male) |
| 11:05 | Create | Scout Cavalry |
| 11:09 | Create | Villager (Male) |
| 11:20 | Build | Watch Tower |
| 11:24 | Create | Villager (Male) |
| 11:51 | Create | Villager (Male) |
| 11:53 | Build | Farm |
| 11:53 | Build | Farm |
| 11:54 | Build | Farm |
| 12:10 | Create | Spearman |
| 12:16 | Build | Farm |
| 12:31 | Create | Scout Cavalry |
| 12:56 | Build | Watch Tower |
| 12:57 | Create | Villager (Male) |
| 13:19 | Create | Scout Cavalry |
| 13:22 | Build | House |
| 13:39 | Build | Watch Tower |
| 13:41 | Create | Villager (Male) |
| 13:55 | Build | House |
| 14:03 | Build | Palisade Wall |
| 14:07 | Build | Palisade Wall |
| 14:08 | Build | Palisade Wall |
| 14:14 | Create | Scout Cavalry |
| 14:15 | Create | Villager (Male) |
| 14:17 | Build | Farm |
| 14:18 | Build | Farm |
| 14:19 | Build | Farm |
| 14:52 | Create | Villager (Male) |
| 15:12 | Build | Watch Tower |
| 15:12 | Create | Villager (Male) |
| 15:14 | Create | Scout Cavalry |
| 15:18 | Build | House |
| 15:21 | Build | Palisade Wall |
| 15:35 | Create | Scout Cavalry |
| 15:43 | Create | Villager (Male) |
| 15:46 | Build | Farm |
| 16:02 | Create | Scout Cavalry |
| 16:26 | Create | Villager (Male) |
| 16:33 | Build | House |
| 16:40 | Create | Scout Cavalry |
| 16:55 | Create | Villager (Male) |
| 16:58 | Build | House |
| 17:07 | Create | Scout Cavalry |
| 17:22 | Create | Villager (Male) |
| 17:32 | Build | House |
| 17:38 | Build | Archery Range |
| 17:40 | Build | Archery Range |
| 17:42 | Build | Blacksmith |
| 17:50 | Create | Villager (Male) |
| 17:53 | Build | Mining Camp |
| 17:57 | Build | Stone Wall |
| 18:02 | Build | Stone Wall |
| 18:06 | Build | Stone Wall |
| 18:09 | Build | Stone Wall |
| 18:12 | Create | Villager (Male) |
| 18:21 | Build | Stone Wall |
| 18:27 | Create | Skirmisher |
| 18:27 | Create | Skirmisher |
| 18:33 | Create | Villager (Male) |
| 18:49 | Build | Farm |
| 18:50 | Build | Farm |
| 18:57 | Build | Stone Wall |
| 19:14 | Build | Stone Wall |
| 19:18 | Create | Villager (Male) |
| 19:19 | Build | Farm |
| 19:30 | Create | Skirmisher |
| 19:30 | Create | Skirmisher |
| 19:36 | Build | Farm |
| 20:06 | Build | House |
| 20:06 | Create | Villager (Male) |
| 20:19 | Build | Watch Tower |
| 20:25 | Build | Lumber Camp |
| 20:32 | Create | Villager (Male) |
| 20:45 | Build | Farm |
| 20:45 | Build | Farm |
| 20:45 | Build | Farm |
| 20:56 | Create | Villager (Male) |
| 21:17 | Create | Villager (Male) |
| 21:29 | Build | Farm |
| 21:29 | Build | Farm |
| 21:29 | Build | Farm |
| 21:36 | Create | Villager (Male) |
| 21:59 | Create | Villager (Male) |
| 22:12 | Build | Lumber Camp |
| 22:49 | Research | Castle Age |
| 22:49 | Research | Castle Age |
| 23:02 | Build | Watch Tower |
| 23:11 | Create | Skirmisher |
| 23:11 | Create | Skirmisher |
| 23:25 | Build | Farm |
| 23:28 | Research | Fletching |
| 23:39 | Create | Skirmisher |
| 23:54 | Create | Villager (Male) |
| 24:02 | Create | Skirmisher |
| 24:02 | Create | Skirmisher |
| 24:10 | Build | Mining Camp |
| 24:12 | Create | Skirmisher |
| 24:12 | Create | Skirmisher |
| 24:30 | Build | Farm |
| 24:32 | Build | Farm |
| 24:36 | Build | Farm |
| 24:37 | Build | House |
Build order — jsemosoom
111 actions detected in the replay
| 0:00 | Create | Villager (Male) |
| 0:01 | Create | Villager (Male) |
| 0:01 | Create | Villager (Male) |
| 0:02 | Build | House |
| 0:03 | Build | House |
| 0:19 | Create | Villager (Male) |
| 0:19 | Create | Villager (Male) |
| 1:27 | Create | Villager (Male) |
| 1:56 | Create | Villager (Male) |
| 2:09 | Build | Lumber Camp |
| 2:29 | Create | Villager (Male) |
| 2:29 | Create | Villager (Male) |
| 2:45 | Create | Villager (Male) |
| 3:01 | Create | Villager (Male) |
| 3:25 | Create | Villager (Male) |
| 3:35 | Build | House |
| 3:38 | Create | Villager (Male) |
| 3:53 | Create | Villager (Male) |
| 4:34 | Build | Mill |
| 4:47 | Create | Villager (Male) |
| 5:10 | Create | Villager (Male) |
| 5:10 | Create | Villager (Male) |
| 5:30 | Create | Villager (Male) |
| 5:47 | Build | House |
| 6:05 | Create | Villager (Male) |
| 6:26 | Create | Villager (Male) |
| 7:00 | Create | Villager (Male) |
| 7:05 | Build | Mining Camp |
| 7:29 | Create | Villager (Male) |
| 7:32 | Research | Loom |
| 8:16 | Research | Feudal Age |
| 8:17 | Research | Feudal Age |
| 8:36 | Build | House |
| 8:39 | Create | Villager (Male) |
| 8:40 | Create | Villager (Male) |
| 10:22 | Create | Villager (Male) |
| 10:31 | Age | Feudal Age |
| 10:51 | Create | Villager (Male) |
| 11:08 | Create | Villager (Male) |
| 11:17 | Build | Market |
| 11:32 | Build | Blacksmith |
| 12:22 | Build | Palisade Wall |
| 12:48 | Research | Castle Age |
| 12:48 | Research | Castle Age |
| 13:23 | Create | Villager (Male) |
| 15:28 | Age | Castle Age |
| 15:43 | Create | Villager (Male) |
| 16:23 | Create | Villager (Male) |
| 16:27 | Build | Castle |
| 16:34 | Build | Castle |
| 16:35 | Create | Villager (Male) |
| 17:05 | Build | Farm |
| 17:06 | Build | Farm |
| 17:18 | Create | Villager (Male) |
| 17:21 | Build | Farm |
| 17:37 | Build | Farm |
| 17:46 | Build | Mining Camp |
| 17:55 | Create | Villager (Male) |
| 18:17 | Create | Ratha (Ranged) |
| 18:21 | Create | Villager (Male) |
| 18:30 | Build | Farm |
| 18:45 | Create | Ratha (Ranged) |
| 18:46 | Create | Ratha (Ranged) |
| 19:01 | Create | Villager (Male) |
| 19:01 | Create | Villager (Male) |
| 19:17 | Create | Ratha (Ranged) |
| 19:29 | Build | Farm |
| 19:32 | Create | Villager (Male) |
| 19:32 | Create | Villager (Male) |
| 20:02 | Create | Villager (Male) |
| 20:11 | Build | House |
| 20:15 | Create | Ratha (Ranged) |
| 20:24 | Build | Farm |
| 20:24 | Create | Villager (Male) |
| 20:32 | Create | Ratha (Ranged) |
| 20:32 | Create | Ratha (Ranged) |
| 20:37 | Research | Double-Bit Axe |
| 20:51 | Create | Villager (Male) |
| 21:03 | Create | Ratha (Ranged) |
| 21:18 | Create | Villager (Male) |
| 21:24 | Build | Siege Workshop |
| 21:30 | Create | Ratha (Ranged) |
| 21:34 | Create | Villager (Male) |
| 21:35 | Create | Villager (Male) |
| 21:55 | Create | Ratha (Ranged) |
| 22:17 | Create | Mangonel |
| 22:20 | Research | Fletching |
| 22:20 | Research | Fletching |
| 22:22 | Build | House |
| 22:23 | Build | House |
| 22:34 | Build | Farm |
| 22:41 | Create | Villager (Male) |
| 22:48 | Create | Ratha (Ranged) |
| 22:48 | Create | Ratha (Ranged) |
| 23:04 | Create | Villager (Male) |
| 23:17 | Create | Mangonel |
| 23:23 | Create | Villager (Male) |
| 23:34 | Create | Ratha (Ranged) |
| 23:35 | Create | Ratha (Ranged) |
| 23:37 | Create | Ratha (Ranged) |
| 23:38 | Create | Villager (Male) |
| 23:44 | Build | House |
| 23:44 | Build | House |
| 24:01 | Create | Ratha (Ranged) |
| 24:16 | Build | House |
| 24:18 | Create | Ratha (Ranged) |
| 24:22 | Create | Villager (Male) |
| 24:30 | Create | Mangonel |
| 24:41 | Create | Villager (Male) |
| 24:44 | Build | Outpost |
| 24:49 | Create | Ratha (Ranged) |
Match timeline
| 7:00 | Y · first_building Barracks |
| 8:00 | Y · age_up feudal |
| 8:05 | Y · first_building Stable |
| 10:31 | jsemosoom · age_up feudal |
| 12:22 | jsemosoom · wall_segment Palisade Wall x1 |
| 12:29 | jsemosoom · first_market_sell 100 stone |
| 12:30 | jsemosoom · first_market_buy 100 food |
| 14:03 | Y · wall_segment Palisade Wall x1 |
| 14:07 | Y · wall_segment Palisade Wall x1 |
| 14:08 | Y · wall_segment Palisade Wall x1 |
| 15:21 | Y · wall_segment Palisade Wall x1 |
| 15:28 | jsemosoom · age_up castle |
| 16:27 | jsemosoom · first_building Castle |
| 17:38 | Y · first_building Archery Range |
| 17:57 | Y · wall_segment Stone Wall x13 |
| 18:02 | Y · wall_segment Stone Wall x16 |
| 18:06 | Y · wall_segment Stone Wall x6 |
| 18:09 | Y · wall_segment Stone Wall x1 |
| 18:21 | Y · wall_segment Stone Wall x7 |
| 18:57 | Y · wall_segment Stone Wall x1 |
| 19:14 | Y · wall_segment Stone Wall x1 |
| 21:24 | jsemosoom · first_building Siege Workshop |
| 25:16 | Y · resign |
[ AI ANALYSIS · 1 CREDIT ]
What really happened in this match?
Wolo.gg analyzes every decision: build order, eco, micro, common mistakes by bracket. Personalized analysis on WhatsApp or Discord in 30 seconds.
Civ guide
Hindustanis
Perfil
Jugador #1016523